 Dungeon Crawl Stone Soup version 0.32-a0-450-g080537f31e (webtiles) character file.

Game seed: 10560559522095910965

98 PriceMaster the Apothecary (level 4, -1/21 HPs)
             Began as a Spriggan Alchemist on Feb 23, 2024.
             Was an Initiate of Fedhas.
             Incinerated by a bombardier beetle (2 damage)
             ... with a burning spray
             ... on level 3 of the Dungeon.
             The game lasted 00:02:44 (2250 turns).

PriceMaster the Apothecary (Spriggan Alchemist)     Turns: 2250, Time: 00:02:45

Health: -1/21      AC:  2    Str:  4    XL:     4   Next: 44%
Magic:  4/10       EV: 17    Int: 18    God:    Fedhas [......]
Gold:   54         SH:  0    Dex: 15    Spells: 7/10 levels left

rFire   . . .        g - +0 long sword
rCold   . . .        (no shield)
rNeg    . . .        a - +0 robe
rPois   .            (helmet restricted)
rElec   .            (no cloak)
rCorr   .            (gloves unavailable)
SInv    +            (boots unavailable)
Will    .....        (no amulet)
Stlth   +            (no ring)
HPRegen 0.23/turn    (no ring)
MPRegen 0.12/turn

%: no passive effects
@: on fire, weakened, glowing, very quick
A: very small, no large weapons, unfitting armour, see invisible, speed 3
a: Renounce Religion


You were on level 3 of the Dungeon.
You worshipped Fedhas.
Fedhas was noncommittal.
You visited 1 branch of the dungeon, and saw 3 of its levels.

You collected 54 gold pieces.

Inventory:

Hand Weapons
 f - a +0 dagger
 g - a +0 long sword (weapon)
Armour
 a - a +0 robe (worn)
Scrolls
 j - a scroll of teleportation
Potions
 b - 3 potions of enlightenment {unknown}
 c - 2 potions of lignification {unknown}
 d - a potion of curing {unknown}
 e - a potion of might {unknown}
 h - a potion of cancellation {unknown}


   Skills:
 + Level 0.1 Long Blades
 + Level 2.8 Dodging
 + Level 3.2 Stealth
 * Level 3.7 Spellcasting
 * Level 1.9 Conjurations
 * Level 4.2 Alchemy


You had 7 spell levels left.
You knew the following spells:

 Your Spells              Type           Power      Damage    Failure   Level
a - Sting                 Conj/Alch      56%        1d6       4%          1
b - Mercury Vapours       Alch/Air       22%        N/A       10%         2

Your spell library contained the following spells:

 Spells                   Type           Power      Damage    Failure   Level
 Mephitic Cloud           Conj/Alch/Air  10%        N/A       19%         3
 Call Imp                 Summ           6%         N/A       22%         2
 Sublimation of Blood     Necr           3%         N/A       22%         2
 Olgreb's Toxic Radiance  Alch           18%        N/A       26%         4
 Sticky Flame             Fire/Alch      10%        2d5       54%         4
 Summon Hydra             Summ           1%         N/A       100%        7


Dungeon Overview and Level Annotations

Branches:
Dungeon (3/15)

Altars:
Fedhas

Annotations:
D:3 Ijyb, Robin


Innate Abilities, Weirdness & Mutations

You are very small and have problems with some larger weapons.
You are too small for most types of armour.
You have supernaturally acute eyesight. (SInv)
You cover ground extremely quickly. (Speed+++)


Message History

The bombardier beetle barely misses you.
Casting: Sting (safe; 4% risk of failure)
Confirm with . or Enter, or press ? or * to list all spells.
Aiming: Mercury Vapours (safe; 11% risk of failure)
Press: ? - help, Dir - move target, f - bombardier beetle
Aim: a bombardier beetle (moderately wounded, chance to weaken: 100%) Fumes of mercury billow around the bombardier beetle!
The bombardier beetle is poisoned.
The bombardier beetle looks weaker.
You feel your attacks grow feeble.
The kobold looks weaker.
The kobold barely misses you.
Casting: Mercury Vapours (safe; 11% risk of failure)
Confirm with . or Enter, or press ? or * to list all spells.
Aiming: Mercury Vapours (safe; 11% risk of failure)
Press: ? - help, Dir - move target, f/p - bombardier beetle
Aim: a bombardier beetle (heavily wounded, very poisoned, weak, chance to weaken: 100%) Fumes of mercury billow around the bombardier beetle!
The bombardier beetle looks even sicker.
The bombardier beetle looks even weaker.
You feel as though you will be weak longer.
The kobold looks even weaker.
The kobold misses you.
The bombardier beetle closely misses you.
You closely miss the kobold. The kobold completely misses you.
The bombardier beetle sprays incendiary fluid at you.
The burning spray hits you.
You are covered in liquid fire!
The kobold closely misses you.
You barely miss the kobold. The liquid fire burns you!
You kill the bombardier beetle!
Fedhas appreciates your contribution to the ecosystem.
The kobold hits you with a +0 dagger.
You have reached level 4!
You closely miss the kobold. The liquid fire burns you!
* * * LOW HITPOINT WARNING * * *
The kobold misses you.
You shake off some of the fire as you move.
The liquid fire burns you!
You die...
Fedhas appreciates your contribution to the ecosystem.

*,***,,,,,,*(.#...####......##,,,
*,*,*,,,,,,*#.##...##......###*,,
*,*,*,,,,,,*,.?#...#......##..*,,
*,*,*,,,,,,*,#.##........##...**,
*,***,,,,,,*##..#.......##5.#.,*,
*,* *,,,,,,*,...##.....##K..##,**
*,* *,,,,,,*,##.K#....##o.#..#,,*
*,* **,******#..†##..##...##.#*,*
,,* **,* #...#@.'.##r.#..#.$*,,
*** *,,* ###################***
*,** ################ *****,*
################ ,,,,,,*
################ *******


You could see a kobold (weak).

Vanquished Creatures
  A bombardier beetle (D:3)
  An adder (D:2)
  A dart slug (D:2)
  5 bats
  5 endoplasms
  3 giant cockroaches
  6 hobgoblins
  5 jackals
  A kobold (D:2)
  3 quokkas
  7 ball pythons
  2 frilled lizards
  5 goblins
  4 rats
49 creatures vanquished.

Notes
Turn   | Place    | Note
-------+----------+-------------------------------------------
     0 | D:1      | PriceMaster the Spriggan Alchemist began the quest for the
                  | Orb.
     0 | D:1      | Reached XP level 1. HP: 9/9 MP: 5/5
   264 | D:1      | Reached XP level 2. HP: 12/13 MP: 0/6
   293 | D:1      | Learned a level 2 spell: Mercury Vapours
   337 | D:1      | Reached skill level 1 in Conjurations
  1101 | D:2      | Reached XP level 3. HP: 16/16 MP: 1/8
  1655 | D:2      | Found a blossoming altar of Fedhas.
  1664 | D:2      | Reached skill level 4 in Alchemy
  1728 | D:2      | Became a worshipper of Fedhas Madash
  2191 | D:3      | Noticed Robin
  2191 | D:3      | Noticed Ijyb
  2249 | D:3      | Reached XP level 4. HP: 7/21 MP: 4/10
  2249 | D:3      | HP: 1/21 [burnt (6)]
  2250 | D:3      | Incinerated by a bombardier beetle

Illustrated notes

Levels and vault maps discovered:
D:1:      amcnicky_arrival_flooded_fountain, layout_loops_ring
D:2:      layout_basic, basic_altar
D:3:      minmay_razor_zed, layout_basic, serial_aquarium,
          aquarium_bridge_island_large [aquarium_subvault_large_open,
          aquarium_subvault_wall, aquarium_subvault_bridge,
          aquarium_subvault_window, aquarium_subvault_window],
          aquarium_bridge_square [aquarium_subvault_wall,
          aquarium_subvault_bridge, aquarium_subvault_balcony,
          aquarium_subvault_bridge], aquarium_window_fake, aquarium_window_1,
          aquarium_window_1, aquarium_view_2f, aquarium_view_2e, serial_shops,
          shop, nicolae_goblin_pals

Skill      XL: |  1  2  3 |
---------------+----------+-----
Conjurations   | 1 |  1.9
Spellcasting   | 3 |  3.7
Alchemy        | 4 |  4.2
Long Blades    | |  0.1
Dodging        | |  2.8
Stealth        | |  3.2

Action                     |  1- 3 |  4- 6 || total
---------------------------+-------+-------++-------
  Melee: Unarmed           |    18 |       ||    18
         Long sword        |    20 |     1 ||    21
   Cast: Sting             |    73 |       ||    73
         Mercury Vapours   |     6 |       ||     6
    Use: Potion            |     1 |       ||     1
         Scroll            |     3 |       ||     3
 Armour: Robe              |    22 |       ||    22
  Dodge: Dodged            |    51 |     1 ||    52

Table legend: (Time is in decaauts)
 A = Elapsed time spent in this place.
 B = Non-inter-level travel time spent in this place.
 C = Inter-level travel time spent in this place.
 D = Time resting spent in this place.
 E = Time spent auto-exploring this place.
 F = Levels seen in this place.
 G = Mean time per level.
                   A        B        C        D        E       F      G
               +--------+--------+--------+--------+--------+-----+--------+
         Total |   1726 |   1697 |     29 |    131 |   1298 |   3 |  575.3 |
       Dungeon |   1726 |   1697 |     29 |    131 |   1298 |   3 |  575.3 |
               +--------+--------+--------+--------+--------+-----+--------+

Top non-repeatable levels by time:
     D:2: 847 daAuts
     D:1: 833 daAuts
     D:3: 45 daAuts
